3L
BROOKLYN DODGERS @ ECHO PARK LAKERS
09/25/2039
 
TOP OF THE 1ST
Brooklyn Dodgers batting - Pitching for Echo Park Lakers : RHP Nolan Howard
Pitching: RHP Nolan Howard
Batting: SHB Fa-hsien Tze 0-0: Called Strike
0-1: Ball
1-1: Swinging Strike
1-2: SINGLE (Groundball, 15S, EV 60.0 MPH) (infield hit)
Batting: LHB Tony Wonder 0-0: Ball
1-0: Ball
2-0: Foul Ball, location: 2F
2-1: Ball
3-1: Foul Ball, location: 2F
3-2: Base on Balls
Fa-hsien Tze to second
Batting: RHB Bill Chaundler 0-0: Ball
1-0: Fielders Choice at 2nd, 1-4 (Groundball, P, EV 76.9 MPH)
Fa-hsien Tze to third
Batting: LHB Count Dante 0-0: Called Strike
0-1: Swinging Strike
0-2: Fly out, F4 (Line Drive, 4, EV 63.8 MPH)
Batting: RHB Carlos Muñóz 0-0: Ball
1-0: Ground out 1-3 (Groundball, 13S, EV 73.1 MPH)
Top of the 1st over - 0 runs, 1 hit, 0 errors, 2 left on base; Brooklyn 0 - Echo Park 0
BOTTOM OF THE 1ST
Echo Park Lakers batting - Pitching for Brooklyn Dodgers : LHP Hermenegildo Beliago
Pitching: LHP Hermenegildo Beliago
Batting: RHB Felipe Campos 0-0: Ball
1-0: Foul Ball, location: 2F
1-1: Ball
2-1: SINGLE (Groundball, 5D, EV 106.2 MPH)
Batting: RHB Phil Gillespie 0-0: Called Strike
0-1: Grounds into double play, 5-4-3 (Groundball, 56, EV 83.1 MPH)
Batting: RHB Kyu-cheol Kye 0-0: Swinging Strike
0-1: Foul Ball, location: 2F
0-2: SOLO HOME RUN (Flyball, 7LD, EV 101.2 MPH), Distance : 346 ft
Batting: RHB Komotay Koffie 0-0: Ball
1-0: Ground out 4-3 (Groundball, 4MD, EV 103.1 MPH)
Bottom of the 1st over - 1 run, 2 hits, 0 errors, 0 left on base; Brooklyn 0 - Echo Park 1
TOP OF THE 2ND
Brooklyn Dodgers batting - Pitching for Echo Park Lakers : RHP Nolan Howard
Batting: LHB Jung-joon Yi 0-0: Foul Ball, location: 2F
0-1: Ball
1-1: Called Strike
1-2: Ball
2-2: Foul Ball, location: 2F
2-2: Ground out 6-3 (Groundball, 6, EV 103.8 MPH)
Batting: RHB Quindarious Monday 0-0: Called Strike
0-1: Foul Ball, location: 2F
0-2: Foul Ball, location: 2F
0-2: Ground out 5-3 (Groundball, 56, EV 99.4 MPH)
Batting: LHB Hugh Hill 0-0: Called Strike
0-1: Foul Ball, location: 2F
0-2: Foul Ball, location: 2F
0-2: Ball
1-2: Ball
2-2: Foul Ball, location: 2F
2-2: Ball
3-2: Strikes out looking
Top of the 2nd over - 0 runs, 0 hits, 0 errors, 0 left on base; Brooklyn 0 - Echo Park 1
BOTTOM OF THE 2ND
Echo Park Lakers batting - Pitching for Brooklyn Dodgers : LHP Hermenegildo Beliago
Batting: RHB Angeddy Almanzar 0-0: Ball
1-0: Called Strike
1-1: Ground out 5-3 (Groundball, 56, EV 81.2 MPH)
Batting: RHB Ryoma Yamamoto 0-0: Ball
1-0: Swinging Strike
1-1: Ball
2-1: Called Strike
2-2: SINGLE (Groundball, 5D, EV 104.4 MPH)
Batting: LHB José Vera 0-0: Called Strike
0-1: Ball
1-1: SINGLE (Flyball, 78M, EV 96.2 MPH)
Ryoma Yamamoto to second
Batting: LHB Wu-shun Chu 0-0: Called Strike
0-1: Ball
1-1: Foul Ball, location: 2F
1-2: Strikes out looking
Batting: SHB Ryan Wood 0-0: Ball
1-0: Fielders Choice at 2nd, 6-4 (Groundball, 6, EV 78.8 MPH)
Bottom of the 2nd over - 0 runs, 2 hits, 0 errors, 2 left on base; Brooklyn 0 - Echo Park 1
TOP OF THE 3RD
Brooklyn Dodgers batting - Pitching for Echo Park Lakers : RHP Nolan Howard
Batting: RHB Phil Sherman 0-0: Called Strike
0-1: Foul Ball, location: 2F
0-2: Foul Ball, location: 2F
0-2: Foul Ball, location: 2F
0-2: DOUBLE (Flyball, 8RXD, EV 93.1 MPH)
Batting: SHB Fa-hsien Tze 0-0: Ball
1-0: Ball
2-0: Called Strike
2-1: Foul Ball, location: 2F
2-2: Strikes out swinging
Batting: LHB Tony Wonder 0-0: Ball
1-0: Swinging Strike
1-1: Swinging Strike
1-2: Ball
2-2: Strikes out swinging
Batting: RHB Bill Chaundler 0-0: Called Strike
0-1: Foul Ball, location: 2F
0-2: Strikes out swinging
Top of the 3rd over - 0 runs, 1 hit, 0 errors, 1 left on base; Brooklyn 0 - Echo Park 1
BOTTOM OF THE 3RD
Echo Park Lakers batting - Pitching for Brooklyn Dodgers : LHP Hermenegildo Beliago
Batting: RHB Felipe Campos 0-0: Ball
1-0: Ball
2-0: Ball
3-0: Foul Ball, location: 2F
3-1: SINGLE (Line Drive, 7LM, EV 103.1 MPH)
Batting: RHB Phil Gillespie 0-0: Ball
Felipe Campos is caught stealing 2nd base 2-4
1-0: Fly out, F8 (Flyball, 8RS, EV 95.6 MPH)
Batting: RHB Kyu-cheol Kye 0-0: Foul Ball, location: 2F
0-1: Ball
1-1: Ball
2-1: Foul Ball, location: 2F
2-2: Foul Ball, location: 2F
2-2: Ground out 5-3 (Groundball, 56S, EV 93.1 MPH)
Bottom of the 3rd over - 0 runs, 1 hit, 0 errors, 0 left on base; Brooklyn 0 - Echo Park 1
TOP OF THE 4TH
Brooklyn Dodgers batting - Pitching for Echo Park Lakers : RHP Nolan Howard
Batting: LHB Count Dante 0-0: Called Strike
0-1: SINGLE (Line Drive, 7S, EV 108.1 MPH)
Batting: RHB Carlos Muñóz 0-0: Ball
1-0: Swinging Strike
1-1: Foul Ball, location: 2F
1-2: Ball
2-2: Ball
3-2: Fly out, F8 (Flyball, 8RM, EV 81.2 MPH)
Batting: LHB Jung-joon Yi 0-0: Called Strike
0-1: Ball
1-1: Ball
2-1: Foul Ball, location: 2F
2-2: Ball
3-2: Strikes out looking
Batting: RHB Quindarious Monday 0-0: Ball
1-0: Ball
2-0: Ball
3-0: Called Strike
3-1: Foul Ball, location: 2F
3-2: Foul Ball, location: 2F
3-2: Fly out, F9 (Flyball, 9, EV 95.6 MPH)
Top of the 4th over - 0 runs, 1 hit, 0 errors, 1 left on base; Brooklyn 0 - Echo Park 1
BOTTOM OF THE 4TH
Echo Park Lakers batting - Pitching for Brooklyn Dodgers : LHP Hermenegildo Beliago
Batting: RHB Komotay Koffie 0-0: Foul Ball, location: 2F
0-1: Ball
1-1: Ball
2-1: Ground out U3 (Groundball, 34, EV 83.8 MPH)
Batting: RHB Angeddy Almanzar 0-0: Ball
1-0: DOUBLE (Flyball, 89XD, EV 90.6 MPH)
Batting: RHB Ryoma Yamamoto 0-0: Ball
1-0: Called Strike
1-1: Foul Ball, location: 2F
1-2: Strikes out swinging
Batting: LHB José Vera 0-0: Ball
1-0: Ball
2-0: Called Strike
2-1: Called Strike
2-2: Ground out 3-1 (Groundball, 34, EV 83.8 MPH)
Bottom of the 4th over - 0 runs, 1 hit, 0 errors, 1 left on base; Brooklyn 0 - Echo Park 1
TOP OF THE 5TH
Brooklyn Dodgers batting - Pitching for Echo Park Lakers : RHP Nolan Howard
Batting: LHB Hugh Hill 0-0: Foul Ball, location: 2F
0-1: Ball
1-1: Ball
2-1: Ball
3-1: Foul Ball, location: 2F
3-2: Base on Balls
Batting: RHB Phil Sherman 0-0: Ball
1-0: Foul Ball, location: 2F
1-1: SINGLE (Line Drive, 6MD, EV 101.2 MPH)
Hugh Hill to second
Batting: SHB Fa-hsien Tze 0-0: Ball
1-0: Bunted foul
1-1: Sac Bunt to 3S - play at first, batter OUT! 3-1
Hugh Hill to third
Phil Sherman to second
Batting: LHB Tony Wonder 0-0: Called Strike
0-1: Ball
1-1: Ball
2-1: Foul Ball, location: 2F
2-2: Ball
3-2: SINGLE (Line Drive, 7S, EV 92.5 MPH)
Hugh Hill scores
Phil Sherman to third
Pitching: LHP Luis Díaz
Batting: RHB Bill Chaundler 0-0: Ball
1-0: Called Strike
1-1: Swinging Strike
1-2: Ball
2-2: Strikes out looking
Batting: LHB Count Dante 0-0: Called Strike
0-1: Ball
1-1: Ball
2-1: Foul Ball, location: 2F
2-2: Ball
3-2: Foul Ball, location: 2F
3-2: Strikes out swinging
Top of the 5th over - 1 run, 2 hits, 0 errors, 2 left on base; Brooklyn 1 - Echo Park 1
BOTTOM OF THE 5TH
Echo Park Lakers batting - Pitching for Brooklyn Dodgers : LHP Hermenegildo Beliago
Batting: LHB Wu-shun Chu 0-0: Called Strike
0-1: SINGLE (Flyball, 8RS, EV 91.2 MPH)
Batting: SHB Ryan Wood 0-0: Ball
1-0: Called Strike
1-1: Ball
2-1: Grounds into double play, 5-4-3 (Groundball, 56D, EV 80.6 MPH)
Batting: RHB Felipe Campos 0-0: Ball
1-0: Called Strike
1-1: Ball
2-1: Ball
3-1: Fly out, F4 (Line Drive, 4, EV 70.6 MPH)
Bottom of the 5th over - 0 runs, 1 hit, 0 errors, 0 left on base; Brooklyn 1 - Echo Park 1
TOP OF THE 6TH
Brooklyn Dodgers batting - Pitching for Echo Park Lakers : LHP Luis Díaz
Batting: RHB Carlos Muñóz 0-0: SINGLE (Groundball, 34D, EV 100.6 MPH)
Batting: LHB Jung-joon Yi 0-0: Foul Ball, location: 2F
0-1: Ball
1-1: Grounds into double play, 3-6-3 (Groundball, 3, EV 78.8 MPH)
Batting: RHB Quindarious Monday 0-0: Reached on error, E1 (Groundball, 13, EV 73.1 MPH)
Batting: LHB Hugh Hill 0-0: Ball
1-0: Fly out, F8 (Flyball, 8RS, EV 75.6 MPH)
Top of the 6th over - 0 runs, 1 hit, 1 error, 1 left on base; Brooklyn 1 - Echo Park 1
BOTTOM OF THE 6TH
Echo Park Lakers batting - Pitching for Brooklyn Dodgers : LHP Hermenegildo Beliago
Batting: RHB Phil Gillespie 0-0: Swinging Strike
0-1: Ball
1-1: Swinging Strike
1-2: Foul Ball, location: 2F
1-2: Strikes out swinging
Batting: RHB Kyu-cheol Kye 0-0: Called Strike
0-1: Ground out 6-3 (Groundball, 6, EV 101.9 MPH)
Batting: RHB Komotay Koffie 0-0: Ball
1-0: Ball
2-0: Called Strike
2-1: Ground out 1-3 (Groundball, 13, EV 68.8 MPH)
Bottom of the 6th over - 0 runs, 0 hits, 0 errors, 0 left on base; Brooklyn 1 - Echo Park 1
TOP OF THE 7TH
Brooklyn Dodgers batting - Pitching for Echo Park Lakers : LHP Luis Díaz
Pitching: RHP Mark Collingwood
Batting: RHB Phil Sherman 0-0: Called Strike
0-1: Foul Ball, location: 2F
0-2: Strikes out looking
Batting: SHB Fa-hsien Tze 0-0: Foul Ball, location: 2F
0-1: Ball
1-1: Foul Ball, location: 2F
1-2: Ball
2-2: Fly out, F7 (Flyball, 7, EV 87.5 MPH)
Batting: LHB Tony Wonder 0-0: Ball
1-0: Called Strike
1-1: Called Strike
1-2: Strikes out swinging
Top of the 7th over - 0 runs, 0 hits, 0 errors, 0 left on base; Brooklyn 1 - Echo Park 1
BOTTOM OF THE 7TH
Echo Park Lakers batting - Pitching for Brooklyn Dodgers : LHP Hermenegildo Beliago
Batting: RHB Angeddy Almanzar 0-0: Ball
1-0: Called Strike
1-1: Called Strike
1-2: Strikes out looking
Batting: RHB Ryoma Yamamoto 0-0: Called Strike
0-1: Ball
1-1: DOUBLE (Line Drive, 89M, EV 102.5 MPH)
Batting: LHB José Vera 0-0: Swinging Strike
0-1: Ball
1-1: 2-RUN HOME RUN (Flyball, 9D, EV 100.6 MPH), Distance : 401 ft
Batting: LHB Wu-shun Chu 0-0: Ball
1-0: Called Strike
1-1: Foul Ball, location: 2F
1-2: Foul Ball, location: 2F
1-2: Ball
2-2: Ball
3-2: Foul Ball, location: 2F
3-2: Fly out, F7 (Flyball, 78XD, EV 96.9 MPH)
Batting: SHB Ryan Wood 0-0: Ball
1-0: Swinging Strike
1-1: Foul Ball, location: 2F
1-2: Ball
2-2: Ground out 4-3 (Groundball, 4, EV 108.8 MPH)
Bottom of the 7th over - 2 runs, 2 hits, 0 errors, 0 left on base; Brooklyn 1 - Echo Park 3
TOP OF THE 8TH
Brooklyn Dodgers batting - Pitching for Echo Park Lakers : RHP Mark Collingwood
Batting: RHB Bill Chaundler 0-0: Called Strike
0-1: TRIPLE (Flyball, 89XD, EV 92.5 MPH)
Pitching: RHP Jeffery Prosser
Batting: LHB Count Dante 0-0: Called Strike
0-1: Ball
1-1: Ball
2-1: Swinging Strike
2-2: Foul Ball, location: 2F
2-2: Foul Ball, location: 2F
2-2: Foul Ball, location: 2F
2-2: Strikes out swinging
Batting: RHB Carlos Muñóz 0-0: Called Strike
0-1: Ball
1-1: Ball
2-1: Called Strike
2-2: Strikes out swinging
Batting: LHB Jung-joon Yi 0-0: Called Strike
0-1: Called Strike
0-2: Strikes out swinging
Top of the 8th over - 0 runs, 1 hit, 0 errors, 1 left on base; Brooklyn 1 - Echo Park 3
BOTTOM OF THE 8TH
Echo Park Lakers batting - Pitching for Brooklyn Dodgers : LHP Hermenegildo Beliago
Batting: RHB Felipe Campos 0-0: Ball
1-0: Ball
2-0: SINGLE (Groundball, 6MD, EV 105.0 MPH)
Batting: RHB Phil Gillespie 0-0: Ball
1-0: Sac Bunt to P - play at first, batter OUT! 1-3
Felipe Campos to second
Pitching: RHP Maverick Handley
Batting: RHB Kyu-cheol Kye 0-0: Ball
1-0: Ball
2-0: Ball
3-0: Base on Balls
Batting: RHB Komotay Koffie 0-0: Ball
1-0: Ball
2-0: Called Strike
2-1: 3-RUN HOME RUN (Flyball, 78XD, EV 105.6 MPH), Distance : 430 ft
Batting: RHB Angeddy Almanzar 0-0: Ground out 6-3 (Groundball, 6S, EV 85.0 MPH)
Batting: RHB Ryoma Yamamoto 0-0: Fly out, F4 (Line Drive, 4, EV 73.8 MPH)
Bottom of the 8th over - 3 runs, 2 hits, 0 errors, 0 left on base; Brooklyn 1 - Echo Park 6
TOP OF THE 9TH
Brooklyn Dodgers batting - Pitching for Echo Park Lakers : RHP Jeffery Prosser
Batting: RHB Quindarious Monday 0-0: Swinging Strike
0-1: Called Strike
0-2: Ball
1-2: Ball
2-2: Ground out 5-3 (Groundball, 5, EV 98.1 MPH)
Pitching: RHP Bobby Roode
Batting: LHB Hugh Hill 0-0: Swinging Strike
0-1: Ball
1-1: Ball
2-1: Fly out, F9 (Flyball, 9S, EV 85.6 MPH)
Batting: RHB Phil Sherman 0-0: Called Strike
0-1: Ground out 5-3 (Groundball, 56, EV 91.9 MPH)
Top of the 9th over - 0 runs, 0 hits, 0 errors, 0 left on base; Brooklyn 1 - Echo Park 6
Wednesday, July 8th, 2020 - OOTP Baseball 20.8 Build 74